 Dungeon Crawl Stone Soup version 0.26-a0-215-g1b87330c0f (webtiles) character file.

Game seed: 1685105683326495144

327 BritishOli the Ducker (level 6, -4/48 HPs)
             Began as a Demonspawn Gladiator on July 6, 2020.
             Slain by an orc priest
             ... wielding a +2 mace of draining
              (6 damage)
             ... on level 4 of the Dungeon.
             The game lasted 00:02:50 (3011 turns).

BritishOli the Ducker (Demonspawn Gladiator)        Turns: 3011, Time: 00:02:51

Health: -4/48      AC:  7    Str: 16    XL:     6   Next: 24%
Magic:  6/6        EV: 12    Int:  9    God:
Gold:   116        SH:  0    Dex: 15    Spells: 5/5 levels left

rFire    . . .     SeeInvis .   a - +0 long sword
rCold    . . .     Faith    .   (no shield)
rNeg     . . .     Spirit   .   b - +0 leather armour
rPois    .         Reflect  .   c - +0 helmet
rElec    .         Harm     .   (no cloak)
rCorr    .                      o - +0 pair of gloves
MR       .....                  (no boots)
Stlth    +.........             (no amulet)
HPRegen  0.16/turn              (no ring)
MPRegen  0.10/turn              (no ring)

@: heavily drained
A: claws 1, molten scales 1, rot immunity
a: no special abilities


You were on level 4 of the Dungeon.
You were not hungry.

You visited 1 branch of the dungeon, and saw 3 of its levels.

You collected 116 gold pieces.

Inventory:

Hand Weapons
 a - a +0 long sword (weapon)
Missiles
 d - 3 throwing nets
 k - 3 javelins (quivered)
Armour
 b - a +0 leather armour (worn)
 c - a +0 helmet (worn)
 o - a +0 pair of gloves (worn)
Jewellery
 g - a cursed ring of teleportation {unknown}
Wands
 q - a wand of flame (20)
Scrolls
 h - 8 scrolls of identify {unknown}
 j - 2 scrolls of teleportation {unknown}
 m - 2 scrolls of enchant weapon {unknown}
Potions
 e - a potion of berserk rage {unknown}
 i - a potion of cancellation {unknown}
 l - a potion of stabbing {unknown}
 n - a potion of curing {unknown}
 p - a potion of heal wounds {unknown}
Comestibles
 f - a ration


   Skills:
 + Level 3.7(1.3) Fighting
 + Level 3.9(1.5) Long Blades
 - Level 2.0(0.0) Throwing
 + Level 2.3(0.0) Armour
 + Level 4.0(1.5) Dodging


You had 5 spell levels left.
You didn't know any spells.
Your spell library was empty.

Dungeon Overview and Level Annotations

Branches:
Dungeon (2/15)

Altars:
Makhleb

Shops:
D:4 :(


Innate Abilities, Weirdness & Mutations

You have sharp fingernails.
You are partially covered in molten scales. (AC +2)
You are immune to rotting.


Message History

* * * LOW HITPOINT WARNING * * *
You hit the orc priest.
The orc priest is almost dead.
The orc barely misses you. The orc priest closely misses you.
The orc hits you with a +0 dagger.
* * * LOW HITPOINT WARNING * * *
The orc priest completely misses you. The orc hits you but does no damage.
The orc priest closely misses you.
You barely miss the orc priest.
The orc priest is almost dead.
The orc barely misses you. The orc priest barely misses you.
The orc closely misses you.
You riposte.
You barely miss the orc.
The orc priest mumbles some strange prayers to Beogh against you.
Pain shoots through your body!
* * * LOW HITPOINT WARNING * * *
The orc misses you.
You closely miss the orc priest.
The orc priest is almost dead.
The orc priest hits you with a +2 mace of draining.
You die...

#. .. #. #. # #. ### #.
#. ..#
#..###.####.#####.
#.....o@o.#.#......
##.#..o#o.....###.# .#
#..).......#.#.##.###
#......#.............
#....).#............#
.........#............#
####.....#...<.........
#...................
....#####............


You could see 2 orc priests and 2 orcs.

Vanquished Creatures
  2 orc priests (D:4)
  2 hounds
  2 orc wizards (D:4)
  An iguana (D:4)
  A hound skeleton (D:4)
  4 adders
  An ooze (D:1)
  An adder skeleton (D:4)
  2 worms (D:2)
  A dart slug (D:2)
  A leopard gecko (D:4)
  6 orcs (D:4)
  A ball python (D:2)
  6 giant cockroaches
  11 hobgoblins
  4 jackals
  2 kobolds
  6 bats
  A frilled lizard (D:4)
  5 goblins
  A jackal skeleton (D:4)
  3 rats
64 creatures vanquished.

Notes
Turn   | Place    | Note
-------+----------+-------------------------------------------
     0 | D:1      | BritishOli the Demonspawn Gladiator began the quest for the
                  | Orb.
     0 | D:1      | Reached XP level 1. HP: 16/16 MP: 1/1
   229 | D:1      | Gained mutation: You are partially covered in molten
                  | scales. (AC +2) [demonic ancestry]
   229 | D:1      | Reached XP level 2. HP: 22/22 MP: 2/2
   384 | D:1      | Reached skill level 3 in Dodging
   548 | D:1      | Reached XP level 3. HP: 28/28 MP: 3/3
  1231 | D:2      | Reached skill level 1 in Armour
  1252 | D:2      | Found a burning altar of Makhleb.
  1256 | D:2      | Gained mutation: You have sharp fingernails. [demonic
                  | ancestry]
  1256 | D:2      | Reached XP level 4. HP: 29/34 MP: 4/4
  2234 | D:2      | You fall into a shaft and drop 2 floors!
  2234 | D:4      | Found Kyqisapn's Book Shop.
  2244 | D:4      | Reached XP level 5. HP: 38/41 MP: 5/5
  2493 | D:4      | Found Tiguigif's Antique Weapon Emporium.
  2715 | D:4      | Gained mutation: You are immune to rotting. [demonic
                  | ancestry]
  2715 | D:4      | Reached XP level 6. HP: 40/47 MP: 6/6
  2949 | D:4      | Reached skill level 4 in Dodging
  3009 | D:4      | HP: 2/48 [orc/+0 dagger (1)]
  3011 | D:4      | Slain by an orc priest

Illustrated notes

Levels and vault maps discovered:
D:1:      evilmike_arrival_hilbert_curve, layout_loops_cross
D:2:      layout_basic, first_ration, makhleb_blood_cavern_becter
D:4:      layout_basic, kennysheep_mini_moat, serial_shops, shop_fountains,
          nicolae_shop_stone, shop, nicolae_shop_trees,
          ebering_ghost_reflecting_pool, uniq_natasha

Skill      XL: |  1  2  3  4  5  6 |
---------------+-------------------+-----
Throwing       | 2 |  2.0
Long Blades    | 3 |  3.9
Dodging        | 3 4 |  4.0
Armour         | 1 2 |  2.3
Fighting       | 3 |  3.7

Action                   |  1- 3 |  4- 6 || total
-------------------------+-------+-------++-------
Melee: Long sword        |    76 |   129 ||   205
Throw: Javelin           |     4 |     8 ||    12
 Stab: Sleeping          |     1 |       ||     1
  Eat: Ration            |     1 |     1 ||     2
Armor: Leather armour    |    23 |    48 ||    71
Dodge: Dodged            |    74 |   113 ||   187
       Rpst.: Long sword |    25 |    33 ||    58

Table legend:
 A = Non-vault XP
 B = Vault XP
 C = Vault XP percentage of total XP
 D = Non-vault monster count
 E = Vault monster count
 F = Vault count percentage of total count
                 A         B        C        D         E       F
            +---------+---------+-------+---------+---------+-------
      Total |     428 |      40 |   8.5 |      63 |       1 |   1.6
            +---------+---------+-------+---------+---------+-------
        D:1 |      42 |       0 |   0.0 |      22 |       0 |   0.0
        D:2 |      83 |      40 |  32.5 |      21 |       1 |   4.5
        D:4 |     303 |       0 |   0.0 |      20 |       0 |   0.0
            +---------+---------+-------+---------+---------+-------
